 Dungeon Crawl Stone Soup version 0.14.2 (webtiles) character file.

5553 mrath the Basher (level 10, -1/88 HPs)
             Began as a Minotaur Fighter on July 19, 2016.
             Was a Priest of Okawaru.
             Slain by a yak (3 damage)
             ... on Level 9 of the Dungeon.
             The game lasted 00:56:03 (10516 turns).

mrath the Basher (Minotaur Fighter)                Turns: 10516, Time: 00:56:04

HP  -1/88        AC 14     Str 28      XL: 10   Next: 33%
MP   0/12        EV  2     Int  5      God: Okawaru [***...]
Gold 399         SH  0     Dex 10      Spells:  0 memorised,  9 levels left

rFire  . . .     SeeInvis .     a - +1,-1 flail
rCold  . . .     Clarity  .     s - +2 chain mail
rNeg   + + +     Conserve .     c - +0 shield
rPois  +         rCorr    .     (helmet restricted)
rElec  .         rRot     +     (no cloak)
SustAb . .       Spirit   +     (no gloves)
rMut   .         Warding  .     (no boots)
Saprov . . .     Stasis   .     D - amulet of guardian spirit
MR     .....                    T - +4 ring of strength
                                A - +3 ring of evasion

@: petrified, heroism, not resistant to hostile enchantments, extremely
unstealthy
A: retaliatory headbutt, horns 2
a: Heroism, Renounce Religion


You were on level 9 of the Dungeon.
You worshipped Okawaru.
Okawaru was most pleased with you.
You were hungry.

You visited 2 branches of the dungeon, and saw 10 of its levels.

You collected 399 gold pieces.

Inventory:

Hand weapons
 a - a +1,-1 flail (weapon)
 k - a +2,+1 trident of dragon slaying
Missiles
 b - 8 darts of flame (quivered)
 h - 124 darts
 z - 12 tomahawks
Armour
 c - a +0 shield (worn)
 s - a +2 chain mail (worn)
Magical devices
 e - a wand of random effects (8) {unknown}
 L - a wand of lightning (4)
 O - a wand of fireball (2) {unknown}
Comestibles
 d - 7 bread rations
 m - 3 pears
 F - 2 apples
 I - 6 meat rations
 V - 5 strawberries
Scrolls
 i - 4 scrolls of remove curse
 p - 5 scrolls of teleportation
 t - 2 scrolls of identify
 v - 3 scrolls of fear
 x - a scroll of amnesia
Jewellery
 A - a +3 ring of evasion (left hand)
 D - an amulet of guardian spirit (around neck)
 T - a +4 ring of strength (right hand)
 X - an uncursed ring of ice
Potions
 f - a potion of curing
 g - a potion of invisibility {unknown}
 l - a potion of paralysis {unknown}
 q - a potion of brilliance {unknown}
 r - 3 potions of heal wounds
 u - a potion of degeneration {unknown}
 w - a potion of restore abilities {unknown}
 K - 2 potions of berserk rage
 M - 2 potions of mutation {unknown}
 N - a potion of agility {unknown}
 P - a potion of flight {unknown}
 R - a potion of resistance {unknown}
 S - 2 potions of haste {unknown}
 U - 2 potions of poison {unknown}
 W - a potion of might
Books
 j - a book of Minor Magic

   Spells                             Type                      Level
   Magic Dart                         Conjuration                  1
   Blink                              Translocation                2
   Call Imp                           Summoning                    2
   Repel Missiles                     Charms/Air                   2
   Slow                               Hexes                        2
   Conjure Flame                      Conjuration/Fire             3
   Mephitic Cloud                     Conjuration/Poison/Air       3


   Skills:
 + Level 7.9(12.9) Fighting
 + Level 9.8(14.8) Maces & Flails
 + Level 3.4(8.4) Throwing
 + Level 7.7(12.7) Armour
 + Level 5.7(10.7) Dodging
 + Level 7.9(12.9) Shields
 + Level 5.2 Evocations


You had 9 spell levels left.
You didn't know any spells.

Dungeon Overview and Level Annotations

Branches:
Dungeon (9/15)             Temple (1/1) D:5            Lair (0/8) D:9
    Orc: D:9-12

Altars:
Ashenzari
Cheibriados
Dithmenos
Elyvilon
Fedhas
Kikubaaqudgha
Makhleb
Nemelex Xobeh
Okawaru
Sif Muna
Trog
Vehumet
Xom
Yredelemnul
Zin
The Shining One

Shops:
D:6 (   D:8 }


Innate Abilities, Weirdness & Mutations

You reflexively headbutt those who attack you in melee.
You have a pair of horns on your head.


Message History

The yellow wasp zombie hits you but does no damage.
The yak gores you but does no damage. The yak gores you!
* * * LOW HITPOINT WARNING * * *
The yak gores you but does no damage.
The yellow wasp zombie hits you but does no damage.
The yak gores you!
* * * LOW HITPOINT WARNING * * *
The yak gores you but does no damage. x2
The yellow wasp zombie barely misses you.
The yak gores you!
* * * LOW HITPOINT WARNING * * *
The yak gores you.
* * * LOW HITPOINT WARNING * * *
The yak gores you.
* * * LOW HITPOINT WARNING * * *
The yellow wasp zombie hits you but does no damage.
The yak gores you!
* * * LOW HITPOINT WARNING * * *
The yak gores you but does no damage. The yak gores you!
You die...

...............P.f♣. .r....
.(.............f.P♣.. ......
...................P♣.... ......
...................P>............
.............♣.........♣.........
..................P.PP.....P.....
.#..........♣.♣.P.............
$.........%zYY...............
.........rY@..P..P..........
.#.......Y.....P...........
.#...........P...#.#.....%
.#...............#.......
.#.....................#
##......)%..........###
##..............##....#
#.............#.#.#..###
##.....#............###.#


You could see 4 yaks, a porcupine and a yellow wasp zombie.

Vanquished Creatures
  A troll (D:7)
  3 basilisks
  3 yaks
  A hippogriff (D:7)
  A necrophage (D:5)
  A water moccasin (D:5)
  A yellow wasp (D:8)
  3 porcupines (D:8)
  2 ice beasts
  2 black bears
  3 orc warriors
  An ogre (D:6)
  3 sky beasts
  3 phantoms
  Sigmund (D:6)
  5 giant frogs
  A giant slug (D:8)
  2 centaurs
  2 scorpions
  3 crimson imps
  A jelly (D:6)
  A goliath beetle (D:7)
  A giant frog skeleton (D:8)
  3 orc priests
  5 hounds
  2 iguanas
  7 orc wizards
  9 worker ants
  Terence (D:2)
  A hound skeleton (D:4)
  A mummy (D:8)
  8 gnolls
  6 adders
  2 green rats (D:9)
  A giant mite (D:5)
  2 worms
  An inept feature mimic (D:3)
  An iguana zombie (D:9)
  An orc skeleton (D:8)
  A giant eyeball (D:5)
  5 giant geckos
  27 orcs
  16 bats
  A bat skeleton (D:3)
  A bat zombie (D:6)
  4 giant cockroaches
  14 goblins
  20 hobgoblins
  8 jackals
  A quokka (D:5)
  11 giant newts
  A giant spore (D:8)
  8 kobolds
  A kobold skeleton (D:6)
  A kobold zombie (D:6)
  A quokka skeleton (D:5)
  12 rats
  A rat skeleton (D:8)
  13 ballistomycetes
243 creatures vanquished.

Vanquished Creatures (others)
  A giant spore (D:6)
  A ballistomycete (D:8)
  A plant (D:9)
3 creatures vanquished.

Grand Total: 246 creatures vanquished

Notes
Turn   | Place    | Note
--------------------------------------------------------------
     0 | D:1      | mrath, the Minotaur Fighter, began the quest for the Orb.
     0 | D:1      | Reached XP level 1. HP: 19/19 MP: 1/1
   536 | D:1      | Reached XP level 2. HP: 26/26 MP: 1/1
   969 | D:2      | Noticed Terence
   977 | D:2      | Killed Terence
   977 | D:2      | Reached skill level 4 in Maces & Flails
   977 | D:2      | Reached XP level 3. HP: 27/31 MP: 2/2
  1918 | D:3      | Reached skill level 5 in Maces & Flails
  2101 | D:3      | Reached XP level 4. HP: 39/39 MP: 2/2
  2814 | D:3      | Reached skill level 6 in Maces & Flails
  3091 | D:4      | Got a pitted leather armour
  3237 | D:4      | Reached XP level 5. HP: 38/45 MP: 2/2
  3505 | D:4      | Reached skill level 7 in Maces & Flails
  3832 | D:4      | Reached XP level 6. HP: 52/52 MP: 3/3
  4109 | D:5      | Entered Level 5 of the Dungeon
  4111 | D:5      | Identified the +3 leather armour of Slovenliness {rElec} (You found it on level 4 of the Dungeon)
  4150 | D:5      | Paralysed by a giant eyeball for 2 turns
  4153 | D:5      | Noticed a water moccasin
  4167 | D:5      | Killed a water moccasin
  4167 | D:5      | Reached skill level 1 in Evocations
  4360 | D:5      | Reached skill level 1 in Dodging
  4394 | D:5      | Reached XP level 7. HP: 32/60 MP: 4/4
  4542 | D:5      | Noticed a necrophage
  4562 | D:5      | Killed a necrophage
  4675 | D:5      | Found a staircase to the Ecumenical Temple.
  4698 | Temple   | Entered the Ecumenical Temple
  4773 | Temple   | Became a worshipper of Warmaster Okawaru
  4968 | D:6      | Found Klaumau's Antique Weapon Emporium.
  4968 | D:6      | Noticed Sigmund
  5001 | D:6      | Reached skill level 5 in Armour
  5018 | D:6      | Reached skill level 5 in Fighting
  5018 | D:6      | Reached skill level 8 in Maces & Flails
  5018 | D:6      | Reached skill level 5 in Shields
  5111 | D:6      | Reached XP level 8. HP: 64/68 MP: 6/6
  5117 | D:6      | Killed Sigmund
  5292 | D:6      | Acquired Okawaru's first power
  5336 | D:6      | Found a blossoming altar of Fedhas.
  6637 | D:7      | Noticed a troll
  6653 | D:7      | Killed a troll
  6653 | D:7      | Reached skill level 9 in Maces & Flails
  6653 | D:7      | Reached XP level 9. HP: 40/75 MP: 4/9
  7689 | D:7      | Reached skill level 1 in Throwing
  8632 | D:8      | Found Kloun's Gadget Shop.
  8781 | D:7      | Reached skill level 5 in Dodging
  9293 | D:8      | Reached XP level 10. HP: 31/86 MP: 2/12
  9783 | D:8      | Reached skill level 5 in Evocations
  9843 | D:8      | Paralysed by a yellow wasp for 2 turns
 10064 | D:9      | Found a staircase to the Lair.
 10100 | D:9      | HP: 4/88 [orc warrior/hand axe (13)]
 10516 | D:9      | HP: 2/88 [yak (3)]
 10516 | D:9      | Slain by a yak

Action                   |  1- 3 |  4- 6 |  7- 9 | 10-12 || total
-------------------------+-------+-------+-------+-------++-------
Melee: Flail             |   104 |   217 |   446 |    91 ||   858
Throw: Dart              |     5 |     5 |    44 |       ||    54
Invok: Heroism           |       |       |     4 |     4 ||     8
  Use: Scroll            |       |     4 |    13 |       ||    17
       Potion            |       |     1 |     3 |       ||     4
